 Dungeon Crawl Stone Soup version 0.18-a0-1292-ge8ad84c (webtiles) character file.

189 Faustar the Cudgeler (level 5, -9/32 HPs)
             Began as a Gargoyle Fighter on Feb 10, 2016.
             Killed from afar by an orc wizard (10 damage)
             ... with a magic dart
             ... on level 3 of the Dungeon.
             The game lasted 00:04:41 (1862 turns).

Faustar the Cudgeler (Gargoyle Fighter)             Turns: 1862, Time: 00:04:42

Health: -9/32      AC: 10    Str: 26    XL:     5   Next: 68%
Magic:  5/5        EV:  9    Int: 13    God:
Gold:   78         SH:  9    Dex:  9    Spells: 0 memorised, 4 levels left

rFire  + . .     SeeInvis .     a - +0 flail
rCold  + . .     Gourm    .     b - +0 scale mail
rNeg   + . .     Faith    .     c - +0 shield
rPois  ∞         Spirit   .     (no helmet)
rElec  +         Dismiss  .     (no cloak)
rCorr  +         Reflect  .     (no gloves)
SustAt .         Harm     .     (no boots)
MR     .....                    (no amulet)
Stlth  ..........               (no ring)
                                i - +2 ring of evasion

@: mighty, brilliant, resistant, not resistant to hostile enchantments,
extremely unstealthy
A: negative energy resistance 1, electricity resistance, unbreathing,
petrification resistance, rot immunity, AC +4
a: no special abilities


You were on level 3 of the Dungeon.
You were not hungry.

You visited 1 branch of the dungeon, and saw 3 of its levels.

You collected 78 gold pieces.

Inventory:

Hand Weapons
 a - a +0 flail (weapon)
Armour
 b - a +0 scale mail (worn)
 c - a +0 shield (worn)
Jewellery
 i - a +2 ring of evasion (left hand)
Scrolls
 e - 2 scrolls of remove curse {unknown}
 l - a scroll of random uselessness {unknown}
 m - a scroll of magic mapping {unknown}
 n - 3 scrolls of fog {unknown}
 s - a scroll of identify {unknown}
Potions
 j - a potion of brilliance
 k - 2 potions of curing
 o - a potion of flight {unknown}
 p - a potion of agility {unknown}
 q - a potion of resistance
 t - a potion of haste {unknown}
Comestibles
 f - 2 bread rations
 g - 13 chunks of flesh
 h - 2 meat rations
 r - a royal jelly


   Skills:
 - Level 3.2 Fighting
 + Level 5.7 Maces & Flails
 - Level 3.2 Armour
 - Level 3.2 Shields


You had 4 spell levels left.
You didn't know any spells.

Dungeon Overview and Level Annotations

Branches:
Dungeon (3/15)

Altars:
Elyvilon
Pakellas
Trog
The Shining One


Innate Abilities, Weirdness & Mutations

You are resistant to torment.
Your stone body is resilient (AC +4).
You are immune to poison.
You resist negative energy.
You are resistant to electric shocks.
You can survive without breathing.
You are immune to petrification.
You are immune to rotting.


Message History

You are too injured to fight recklessly!
You are too injured to fight recklessly!
You barely miss the orc wizard.
The orc wizard is heavily wounded.
The orc wizard hits you but does no damage. x2
You barely miss the orc wizard.
The orc wizard is heavily wounded.
The orc wizard casts a spell at you. The puff of flame hits you! You resist.
* * * LOW HITPOINT WARNING * * *
You closely miss the orc wizard.
The orc wizard is heavily wounded.
You block the orc wizard's attack. x2
You bludgeon the orc wizard!!
You kill the orc wizard!
You closely miss the orc wizard.
The orc wizard hits you but does no damage.
The orc wizard points at you and mumbles some strange words.
The magic dart hits you!
You die...

##.........## ..
####.###.### #.# # #.# #.#
#.# ####.###.# #.#
.........## #.#
......###.## +#.#+ ####..#
#..#####...#####..# ####..#
#........⌠.[.†....#
......###..#####@..#####.##
####......##...o#.#'...#
#.........#)8..o#.#...8.#
#.>.#######.._..#.#.._..#
#.........#.8.8.#.#.8.8%#
#...#####.##...##.##...##
#..## #..#####...##### ...#
##........## #)##
##########


You could see an orc wizard and an orc.

Vanquished Creatures
  An orc priest (D:3)
  An orc wizard (D:3)
  An adder (D:3)
  2 oozes (D:1)
  A worm (D:2)
  3 giant geckos
  6 orcs (D:3)
  6 giant cockroaches
  6 hobgoblins
  6 jackals
  13 kobolds
  4 quokkas
  6 bats
  7 giant newts
  9 goblins
  9 rats
81 creatures vanquished.

Vanquished Creatures (others)
  An orc wizard (D:3)
  5 toadstools (D:1)
6 creatures vanquished.

Grand Total: 87 creatures vanquished

Notes
Turn   | Place    | Note
--------------------------------------------------------------
     0 | D:1      | Faustar the Gargoyle Fighter began the quest for the Orb.
     0 | D:1      | Reached XP level 1. HP: 14/14 MP: 1/1
   106 | D:1      | Reached XP level 2. HP: 19/19 MP: 2/2
   285 | D:1      | Reached XP level 3. HP: 23/23 MP: 3/3
   878 | D:2      | Reached skill level 4 in Maces & Flails
   996 | D:2      | Reached XP level 4. HP: 28/28 MP: 4/4
  1062 | D:2      | Found an oddly glowing altar of Pakellas.
  1525 | D:3      | Found a white marble altar of Elyvilon.
  1555 | D:3      | Found a faded altar to an unknown god.
  1648 | D:3      | Reached skill level 5 in Maces & Flails
  1648 | D:3      | Reached XP level 5. HP: 32/32 MP: 5/5
  1832 | D:3      | Found a glowing golden altar of the Shining One.
  1833 | D:3      | Found a bloodstained altar of Trog.
  1847 | D:3      | HP: 1/32 [orc wizard/puff of flame (11)]
  1859 | D:3      | HP: 1/32 [orc wizard/puff of flame (7)]
  1862 | D:3      | Killed from afar by an orc wizard

Vault maps used:
D:1:      ldierk_walled_garden
D:2:      lemuel_doored_altar, roderic_roman_lattice
D:3:      tgw_sif, lightli_temple_of_fire, elyvilon_altar_1,
          grunt_temple_overflow_cloverleaf, ecumenical_altar_1

Action                   |  1- 3 |  4- 6 || total
-------------------------+-------+-------++-------
Melee: Flail             |   169 |   158 ||   327
  Use: Potion            |       |     4 ||     4
  Eat: Chunk             |     1 |     3 ||     4
